 Dungeon Crawl Stone Soup version 0.26-a0-651-gb41185065b (webtiles) character file.

Game seed: 5137859986719458908

5 Ozzies the Sneak (level 1, -5/9 HPs)
             Began as a Spriggan Enchanter on Oct 9, 2020.
             Slain by a gnoll
             ... wielding a +0 club
              (6 damage)
             ... on level 1 of the Dungeon.
             The game lasted 00:01:47 (249 turns).

Ozzies the Sneak (Spriggan Enchanter)                Turns: 249, Time: 00:01:48

Health: -5/9       AC:  2    Str:  4    XL:     1   Next: 66%
Magic:  4/5        EV: 18    Int: 16    God:
Gold:   0          SH:  0    Dex: 16    Spells: 4/5 levels left

rFire    . . .     SeeInvis +   a - +1 dagger
rCold    . . .     Faith    .   (shield restricted)
rNeg     . . .     Spirit   .   b - +0 robe
rPois    .         Reflect  .   (helmet restricted)
rElec    .         Harm     .   (no cloak)
rCorr    .         Rampage  .   (gloves unavailable)
MR       .....                  (boots unavailable)
Stlth    +++.......             (no amulet)
HPRegen  0.03/turn              (no ring)
MPRegen  0.09/turn              (no ring)

@: very quick
A: very small, unfitting armour, see invisible, speed 3
a: no special abilities


You were on level 1 of the Dungeon.
You visited 1 branch of the dungeon, and saw 1 of its levels.

Inventory:

Hand Weapons
 a - a +1 dagger (weapon)
Armour
 b - a +0 robe (worn)
Scrolls
 c - a scroll of identify {unknown}


   Skills:
 - Level 1.1 Short Blades
 - Level 3.0 Dodging
 + Level 5.1 Stealth
 - Level 2.6 Spellcasting
 - Level 3.6 Hexes


You had 4 spell levels left.
You knew the following spells:

 Your Spells              Type           Power        Failure   Level
a - Corona                Hex            ##.....      4%          1

Your spell library contained the following spells:

 Spells                   Type           Power        Failure   Level
 Confusing Touch          Hex            ##......     13%         3
 Tukima's Dance           Hex            ##......     13%         3
 Ensorcelled Hibernation  Hex/Ice        #.....       14%         2
 Dazzling Flash           Conj/Hex       #.....       28%         3


Dungeon Overview and Level Annotations

Branches:
Dungeon (1/15)

Altars:


Innate Abilities, Weirdness & Mutations

You are very small and have problems with some larger weapons.
You are too small for most types of armour.
You have supernaturally acute eyesight. (SInv)
You cover ground extremely quickly.


Message History

You barely miss the jackal.
The jackal is moderately wounded.
The jackal bites you but does no damage.
The giant cockroach splashes around in the water.
The jackal splashes around in the water.
You closely miss the jackal.
The jackal is moderately wounded.
The giant cockroach bites the plant.
The plant begins to die.
The jackal misses you.
You barely miss the jackal.
The jackal is moderately wounded.
The giant cockroach splashes around in the water.
The jackal closely misses you.
The giant cockroach bites the plant.
You hit the jackal but do no damage.
The jackal is moderately wounded.
The jackal completely misses you.
The giant cockroach bites the plant.
The jackal splashes around in the water.
You closely miss the jackal.
The jackal is moderately wounded.
The jackal completely misses you.
The giant cockroach bites the plant.
You hit the jackal but do no damage.
The jackal is moderately wounded.
A nearby plant withers and dies.
The frilled lizard misses you.
The jackal splashes around in the water.
You hit the jackal but do no damage.
The jackal is moderately wounded.
The jackal bites you.
* * * LOW HITPOINT WARNING * * *
The frilled lizard closely misses you.
The frilled lizard completely misses you.
A bat comes into view.
You enter the shallow water.
Moving in this stuff is going to be slow.
The jackal bites you but does no damage.
You enter the shallow water.
Moving in this stuff is going to be slow.
The kobold shouts!
A gnoll comes into view. It is wielding a +0 club.
Found 10 stones.
The gnoll shouts!
You enter the shallow water.
Moving in this stuff is going to be slow.
The jackal barely misses you.
The jackal splashes around in the water.
You enter the shallow water.
Moving in this stuff is going to be slow.
Why would you want to do that? Why would you want to do that?
Why would you want to do that?
Found 15 gold pieces.
There is an open door here.
Found 5 gold pieces.
Found an escape hatch in the floor.
You see here 15 gold pieces.
Found a leather armour.
The bat misses you.
Casting: Corona (safe; 4% risk of failure)
Confirm with . or Enter, or press ? or * to list all spells.
Aiming: Corona (safe; 4% risk of failure)
Press: ? - help, Shift-Dir - straight line, f - bat
Aim: a bat (chance to defeat MR: 67%)
The bat is outlined in light.
The bat barely misses you.
You hit the bat.
The bat is moderately wounded.
The bat closely misses you. The bat closely misses you.
You hit the bat.
The bat is severely wounded.
The bat closely misses you. x2
You closely miss the bat.
The bat is severely wounded.
The bat misses you. The bat hits you but does no damage.
You closely miss the bat.
The bat is severely wounded.
The bat misses you. The bat closely misses you.
You hit the bat but do no damage.
The bat is severely wounded.
The bat stops glowing.
The bat misses you.
You hit the bat.
You kill the bat!
Your Stealth skill increases to level 5!
Casting: Corona (safe; 4% risk of failure)
Confirm with . or Enter, or press ? or * to list all spells.
Aiming: Corona (safe; 4% risk of failure)
Press: ? - help, Shift-Dir - straight line, f - gnoll
Aim: a gnoll, wielding a +0 club (chance to defeat MR: 58%)
The gnoll is outlined in light.
You hit the gnoll.
The gnoll is lightly wounded.
The gnoll completely misses you.
You barely miss the gnoll.
The gnoll is lightly wounded.
The gnoll hits you with a +0 club.
* * * LOW HITPOINT WARNING * * *
The kobold shouts!
You hit the gnoll but do no damage.
The gnoll is lightly wounded.
The gnoll hits you with a +0 club.
Ouch! That really hurt!
You die...

#......≈. ######'...
........... #..........
#..>....... #..........
#.....$....
################..........
.........@g....K..........
.###############......[...
#.......... ##..........
#........#.. #.######.###
... #.### #.##. #.##. . ..
#.##.


You could see a gnoll (corona) and a kobold.

Vanquished Creatures
  A bat (D:1)
  3 jackals (D:1)
4 creatures vanquished.

Vanquished Creatures (others)
  3 plants (D:1)
3 creatures vanquished.

Grand Total: 7 creatures vanquished

Notes
Turn   | Place    | Note
-------+----------+-------------------------------------------
     0 | D:1      | Ozzies the Spriggan Enchanter began the quest for the Orb.
     0 | D:1      | Reached XP level 1. HP: 9/9 MP: 5/5
   245 | D:1      | Reached skill level 5 in Stealth
   249 | D:1      | Slain by a gnoll

Illustrated notes

Levels and vault maps discovered:
D:1:      giann_bridges, layout_basic, serial_park_tiny_1, skrybe_limestone_x,
          minmay_misc_feat_tiny, hex_medium, chequers_serial_rivers_micro_c,
          hangedman_decor_growths

Skill      XL: |  1 |
---------------+----+-----
Stealth        | 5 |  5.1
Short Blades   | |  1.1
Dodging        | |  3.0
Spellcasting   | |  2.6
Hexes          | |  3.6

Action                   || total
-------------------------++-------
Melee: Dagger            ||    43
 Cast: Corona            ||     2
Armor: Robe              ||    10
Dodge: Dodged            ||    58

Table legend: (Time is in decaauts)
 A = Elapsed time spent in this place.
 B = Non-inter-level travel time spent in this place.
 C = Inter-level travel time spent in this place.
 D = Time resting spent in this place.
 E = Time spent auto-exploring this place.
 F = Levels seen in this place.
 G = Mean time per level.
                   A        B        C        D        E       F      G
               +--------+--------+--------+--------+--------+-----+--------+
         Total |    184 |    184 |      0 |      0 |      3 |   1 |  184.0 |
       Dungeon |    184 |    184 |      0 |      0 |      3 |   1 |  184.0 |
               +--------+--------+--------+--------+--------+-----+--------+

Top non-repeatable levels by time:
     D:1: 184 daAuts
